 Dungeon Crawl Stone Soup version 0.31-a0-95-g6fa058ef04 (webtiles) character file.

Game seed: 5928902344735133458

187511 greynaab the Slayer (level 17, -6/147 HPs)
             Began as a Felid Berserker on May 23, 2023.
             Was a High Priest of Trog.
             Killed from afar by an ancient champion (62 damage)
             ... with an iron shot
             ... on level 2 of the Crypt on May 25, 2023.
             The game lasted 03:55:14 (56352 turns).

greynaab the Slayer (Felid Berserker)              Turns: 56352, Time: 03:55:15

Health: -6/147     AC:  9    Str: 16    XL:     17   Next: 16%
Magic:  18/18      EV: 41    Int: 14    God:    Trog [*****.]
Gold:   549        SH:  5    Dex: 23    Spells: 16/16 levels left
                                        Lives:  0   Deaths: 5

rFire   + .          .
                       - Unarmed
rCold   + . .        (shield unavailable)
rNeg    . . .        (body armour unavailable)
rPois   .            (helmet unavailable)
rElec   .            (cloak unavailable)
rCorr   .            (gloves unavailable)
SInv    +            (boots unavailable)
Will    ++...        l - amulet of reflection Stlth
                     V - +6 ring of dexterity
HPRegen 0.44/turn    g - +4 ring of protection
MPRegen 0.16/turn

%: reflection, clarity
@: berserking (expiring), very quick
A: very small, claws 1, fangs 3, see invisible, speed 1, shaggy fur 3, stealthy
paws, no weapons or thrown items, no armour, multi-lived, iridescent scales 1,
clarity, clever 1, fire resistance 1
}: 2/15 runes: serpentine, barnacled
a: Renounce Religion, Berserk, Trog's Hand, Brothers in Arms


You were on level 2 of the Crypt.
You worshipped Trog.
Trog was extremely pleased with you.
You visited 8 branches of the dungeon, and saw 40 of its levels.
You also visited: Gauntlet and Wizlab.

You collected 3594 gold pieces.
You spent 3045 gold pieces at shops.

Inventory:

Jewellery
 b - the amulet "Wabaxzu" {Faith Stlth+}
   (You acquired it on level 1 of the Lair of Beasts)

   [amulet of faith]

   It allows you to gain divine favour quickly.
   Stlth:     It makes you more stealthy.
 g - a +4 ring of protection (right paw)
 i - a ring of poison resistance
 k - an amulet of regeneration
 l - an amulet of reflection (around neck)
 p - a ring of ice
 H - a ring of flight
 I - a ring of willpower
 O - a ring of resist corrosion
 P - a ring of fire
 V - a +6 ring of dexterity (left paw)
Wands
 c - a wand of mindburst (6)
 e - a wand of flame (53)
 w - a wand of quicksilver (15)
 y - a wand of charming (22)
 B - a wand of roots (5)
 D - a wand of digging (5)
 N - a wand of polymorph (10)
Scrolls
 m - 16 scrolls of identify
 o - 10 scrolls of fear
 s - 4 scrolls of vulnerability
 v - 18 scrolls of teleportation
 C - 2 scrolls of silence
 G - 2 scrolls of magic mapping
 J - 3 scrolls of poison
 L - 7 scrolls of immolation
 M - 3 scrolls of butterflies
 Q - 4 scrolls of amnesia
 S - a scroll of blinking
Potions
 d - 5 potions of enlightenment
 f - 12 potions of curing
 h - 6 potions of attraction
 j - 5 potions of might
 n - 2 potions of ambrosia
 q - 6 potions of haste
 r - a potion of invisibility {unknown}
 t - 6 potions of berserk rage
 z - 6 potions of lignification
 A - 2 potions of cancellation
 E - 2 potions of magic
 F - 6 potions of mutation
 U - a potion of heal wounds
Miscellaneous
 a - a tin of tremorstones (2/2)
 u - a phial of floods
 x - a lightning rod (4/4)
 K - a phantom mirror
 R - a box of beasts


   Skills:
 * Level 23.5 Fighting
 + Level 22.3 Dodging
 - Level 9.1 Stealth
 - Level 18.0 Unarmed Combat
 - Level 15.0 Evocations


You had 16 spell levels left.
You didn't know any spells.
Your spell library was empty.

Dungeon Overview and Level Annotations

Branches:
Dungeon (15/15) Zot: 24814  Temple (0/1) D:7            Lair (5/5) D:8 Zot: 24250
 Shoals (4/4) Lair:2 Zot: 18112   Snake (4/4) Lair:3 Zot: 22401   Slime (5/5) Lair:4 Zot: 26830
    Orc (2/2) D:12 Zot: 8352     Elf (0/3) Orc:2        Vaults (3/5) D:14 Zot: 18632
  Crypt (2/3) Vaults:2 Zot: 16285  Depths (0/4) D:15         WizLab (visited)
Gauntlet (visited)

Altars:
Fedhas
Gozag
Hepliaklqana
Sif Muna
Trog
Vehumet
Xom
Yredelemnul
Jiyva

Shops:
D:1 (   D:10 !:   D:12 ?   D:13 =   D:15 **   Orc:2 (!![*   Shoals:4 :
Snake:2 ?*=*:   Snake:4 =   Vaults:2 [=:??   Vaults:3 !

Annotations:
D:6 2 transporters
D:13 exclusion: tengu conjurer
Lair:5 1 runed translucent door, exclusion: door, TittyCrusher's ghost, journeyman TrAE
Slime:3 exclusion: upstairs
Vaults:2 exclusion: door


Innate Abilities, Weirdness & Mutations

You have sharp claws.
You have razor-sharp teeth.
You have supernaturally acute eyesight. (SInv)
You cover ground quickly. (Speed+)
Your thick and shaggy fur keeps you warm. (AC +3, rC+)
Your paws help you pounce on unaware monsters.
You are incapable of wielding weapons or throwing items.
You cannot wear armour.
You gain extra lives every three experience levels.
You are partially covered in iridescent scales. (AC +2)
You possess an exceptional clarity of mind.
Your mind is acute. (Int +4, Str/Dex -1)
Your flesh is heat resistant. (rF+)


Message History

The vampire knight is healed by the life force!
You closely miss the vampire knight.
The vampire knight is severely damaged.
The vampire knight draws life force from you!!
The vampire knight is healed by the life force!
You claw the vampire knight!
The vampire knight is severely damaged.
The vampire knight draws life force from you!!
The vampire knight is healed by the life force!
You scratch the vampire knight. You claw the vampire knight.
You bite the vampire knight, but do no damage.
The vampire knight is heavily damaged.
You scratch the vampire knight but do no damage.
You bite the vampire knight, but do no damage.
The vampire knight is heavily damaged.
The vampire knight hits you with a +0 long sword!
The vampire knight completely misses you.
The ancient champion gestures wildly while chanting.
The ancient champion seems to speed up.
You claw the vampire knight! x2; You bite the vampire knight.
The vampire knight is almost destroyed.
You scratch the vampire knight.
The vampire knight is almost destroyed.
The vampire knight draws life force from you!!
The vampire knight is healed by the life force!
You scratch the vampire knight.
The vampire knight is severely damaged.
The vampire knight gestures wildly while chanting.
The vampire knight flickers and vanishes for a moment.
You claw the vampire knight! Your bite misses the vampire knight.
The vampire knight is almost destroyed.
You eviscerate the vampire knight!!!
You destroy the vampire knight!
Trog accepts your kill.
Trog appreciates your killing of a magic user.
You mangle the ancient champion!!
The ancient champion is moderately damaged.
The ancient champion gestures at you while chanting.
The iron shot hits you!!!
You die...

#.#....# #.#.V..## #
##.#.....#.# #..........#
#........# #### #.....# ###...
##.##.# #.....
####....#################.)...
#......)...)z@................
####....##############...#####
###### #...# #####


You could see an ancient champion (fast).

Vanquished Creatures
  Dissolution (Slime:3)
  Saint Roka (Vaults:1)
  Rupert (D:15)
  Jorgrun (D:13)
  A sphinx (Vaults:2)
  Polyphemus (Shoals:4)
  Frances (D:14)
  Kirke (D:15)
  2 ancient champions (Crypt:1)
  A revenant (Crypt:2)
  Roxanne (Shoals:1)
  7 nagarajas (Snake:4)
  An azure jelly (Slime:1)
  A fire giant (D:15)
  A rockslime (Slime:1)
  6 vault wardens
  Aizul (Vaults:1)
  A balrug (Gauntlet)
  A curse skull (Crypt:1)
  8 ironbound preservers
  A quicksilver ooze (Slime:5)
  3 vampire knights (Crypt:2)
  5 ironbound thunderhulks
  A minotaur (Gauntlet)
  2 dire elephants (Vaults:3)
  6 formless jellyfish
  4 merfolk impalers
  A crystal guardian (Vaults:3)
  2 deep elf death magi
  An eidolon (Crypt:1)
  A merfolk javelineer (Shoals:3)
  Josephine (D:12)
  3 jiangshi (Crypt:1)
  44 slime creatures
  A great orb of eyes (Slime:4)
  8 yaktaur captains
  8 vault guards
  3 hydras
  A catoblepas (Shoals:4)
  A peacekeeper (Vaults:3)
  9 ironbound frosthearts
  6 merfolk avatars
  An alligator snapping turtle (Shoals:1)
  4 two-headed ogres
  3 death knights
  4 boulder beetles
  12 centaur warriors
  23 death yaks
  10 anacondas
  3 merfolk aquamancers
  7 naga warriors
  A deep troll earth mage (Vaults:1)
  A tengu warrior (D:15)
  3 vampire magi
  5 orc high priests (Orc:2)
  10 naga sharpshooters
  3 shock serpents
  Urug (Orc:2)
  A fire crab (Lair:5)
  3 skysharks
  3 salamander mystics
  2 soul eaters
  4 skeletal warriors
  Lodul (D:12)
  17 sea snakes
  2 flayed ghosts (Crypt:1)
  14 deep trolls
  2 glowing orange brains
  3 naga ritualists
  5 phantasmal warriors
  4 ironbound convokers
  3 wizards
  6 orc knights
  9 harpies (Shoals:2)
  A lindwurm (Vaults:3)
  5 deep elf pyromancers
  6 mana vipers
  4 necromancers
  10 ugly things
  4 shining eyes
  15 manticores
  9 fauns
  6 cyclopes
  12 salamanders
  An orc sorcerer (Orc:1)
  A jorogumo skeleton (Crypt:2)
  An orc zombie (Crypt:1)
  A moth of wrath (Gauntlet)
  5 elephants (Lair:3)
  8 water nymphs
  A human skeleton (Vaults:1)
  An alligator snapping turtle zombie (Crypt:1)
  8 merfolk sirens
  9 vault sentinels
  26 cane toads
  21 black mambas
  6 guardian serpents (Snake:4)
  15 naga magi
  A torpor snail (Lair:3)
  An eye of devastation (Slime:1)
  A dire elephant skeleton (Crypt:1)
  An unseen horror (D:12)
  8 komodo dragons
  14 yaktaurs
  2 minotaur zombies (Gauntlet)
  4 freezing wraiths
  3 rime drakes
  16 merfolk
  6 trolls
  2 polar bears (Lair:5)
  2 tyrant leeches (Lair:5)
  5 wind drakes
  3 harpy skeletons (Crypt:1)
  A hornet (D:7)
  6 snapping turtles
  52 blink frogs
  3 dream sheep (Shoals:4)
  An alligator skeleton (Crypt:1)
  11 flying skulls
  6 water elementals
  12 wraiths
  A vampire (D:11)
  2 hogs (D:15)
  A dire elephant simulacrum (Crypt:1)
  A golden eye (shapeshifter) (D:13)
  15 humans
  5 basilisks
  4 wyverns
  5 golden eyes (Slime:2)
  Grum (D:9)
  4 steam dragons
  43 yaks
  12 vampire mosquitoes
  2 wargs (Orc:2)
  26 nagas
  20 water moccasins
  A hell hound (Gauntlet)
  A faun zombie (Crypt:1)
  An ogre skeleton (Vaults:1)
  A fire bat skeleton (Crypt:2)
  32 orc warriors
  2 ice beasts
  4 sky beasts
  3 black bears
  13 ogres
  21 wolves
  4 boggarts (Lair:3)
  17 centaurs
  A dream sheep skeleton (Crypt:1)
  A phantom (D:4)
  2 kobold brigands
  4 scorpions
  2 human zombies (Vaults:1)
  19 bullfrogs
  5 gnoll sergeants (D:10)
  A glowing shapeshifter simulacrum (Vaults:1)
  10 wights
  14 killer bees
  7 electric eels
  6 howler monkeys
  3 gnoll boudas
  3 lava snakes (Lair:3)
  A wolf skeleton (Crypt:1)
  35 orc priests
  8 jellies
  4 hounds
  A hell rat (Lair:5)
  5 iguanas
  2 sleepcaps
  32 orc wizards
  An acid dragon skeleton (Crypt:1)
  10 adders
  40 gnolls
  2 shadow imps (D:6)
  A white imp (D:7)
  An ufetubus (D:4)
  An adder skeleton (Crypt:1)
  3 worms
  2 dart slugs (D:4)
  97 orcs
  12 ball pythons
  7 endoplasms
  2 giant cockroaches
  4 goblins
  4 hobgoblins
  12 jackals
  14 kobolds
  5 quokkas
  6 bats
  4 frilled lizards
  A giant cockroach zombie (Crypt:2)
  A goblin zombie (Crypt:2)
  7 rats
1303 creatures vanquished.

Vanquished Creatures (collateral kills)
  An acid blob (Slime:5)
  A rockslime (Slime:1)
  3 nagarajas (Snake:4)
  A vampire knight (Crypt:1)
  2 dire elephants (Vaults:3)
  A formless jellyfish (Slime:5)
  A merfolk impaler (Shoals:4)
  A hydra (Lair:2)
  2 boulder beetles
  2 anacondas (Snake:4)
  2 alligator snapping turtles (Shoals:4)
  2 death yaks
  2 naga warriors (Snake:4)
  A naga sharpshooter (Snake:3)
  A skyshark (Shoals:1)
  A goliath frog (Lair:5)
  A sea snake (Shoals:3)
  2 orc knights (Orc:2)
  2 phantasmal warriors (Crypt:1)
  A faun (Shoals:3)
  A harpy (Shoals:4)
  5 manticores
  A slime creature (Slime:1)
  A merfolk siren (Shoals:4)
  A guardian serpent (Snake:4)
  A water nymph (Shoals:3)
  A black mamba (Snake:3)
  A yaktaur (Vaults:3)
  2 merfolk (Shoals:4)
  A wind drake (Shoals:3)
  A hornet (Lair:5)
  A blink frog (Lair:5)
  A snapping turtle (Shoals:3)
  3 yaks
  A wraith (D:12)
  A steam dragon (Lair:5)
  4 vampire mosquitoes
  4 nagas
  An acid dragon (D:10)
  An orc warrior (Orc:2)
  A water moccasin (Lair:5)
  A cane toad zombie (Crypt:1)
  4 centaurs
  3 bullfrogs
  2 orc priests
  A hell rat (Lair:5)
  An orc (Orc:2)
76 creatures vanquished.

Vanquished Creatures (others)
  A lindwurm (Lair:5)
  2 humans (D:15)
  4 tentacles (Shoals:3)
7 creatures vanquished.

Grand Total: 1386 creatures vanquished

Notes
Turn   | Place    | Note
-------+----------+-------------------------------------------
     0 | D:1      | greynaab the Felid Berserker began the quest for the Orb.
     0 | D:1      | Reached XP level 1. HP: 10/10 MP: 2/2
   198 | D:1      | Reached XP level 2. HP: 14/14 MP: 3/3
   706 | D:1      | Found Cunat's Antique Weapon Shoppe.
  1056 | D:2      | Reached XP level 3. HP: 17/17 MP: 4/4
  1264 | D:2      | Reached ** piety under Trog
  1354 | D:2      | Reached XP level 4. HP: 22/22 MP: 5/5
  1534 | D:3      | Found an opulent altar of Gozag.
  1583 | D:3      | Reached skill level 4 in Fighting
  1863 | D:3      | Reached skill level 1 in Stealth
  1920 | D:3      | Found a blossoming altar of Fedhas.
  1995 | D:3      | Reached XP level 5. HP: 25/25 MP: 6/6
  2061 | D:3      | Found a basalt altar of Yredelemnul.
  2070 | D:3      | Found a bloodstained altar of Trog.
  2592 | D:4      | Reached skill level 5 in Dodging
  2802 | D:4      | Gained mutation: You are covered in thick fur. (AC +2)
                  | [Felid growth]
  2802 | D:4      | Reached XP level 6. HP: 25/29 MP: 7/7
  2960 | D:4      | Reached skill level 5 in Fighting
  2960 | D:4      | Reached skill level 5 in Unarmed Combat
  3407 | D:5      | Entered Level 5 of the Dungeon
  3408 | D:5      | Found a shimmering altar of Xom.
  3408 | D:5      | Noticed a water moccasin
  3409 | D:5      | Noticed a water moccasin
  3486 | D:5      | Reached XP level 7. HP: 25/33 MP: 8/8
  3628 | D:5      | Reached skill level 6 in Fighting
  3752 | D:5      | Reached XP level 8. HP: 20/38 MP: 9/9
  3845 | D:5      | Reached *** piety under Trog
  4349 | D:5      | Reached skill level 5 in Stealth
  4668 | D:6      | Reached skill level 7 in Fighting
  4844 | D:6      | Found a transporter.
  4847 | D:6      | Found a transporter.
  4857 | D:6      | Identified the -2 buckler of the Amoeba {Harm rPois rC+
                  | Str+4 Int-4}
  4858 | D:6      | Identified the +1 leather armour of the Bellicose God
                  | {Slay+6}
  5207 | D:6      | Reached XP level 9. HP: 43/43 MP: 10/10
  5560 | D:7      | Reached skill level 8 in Fighting
  5846 | D:7      | Found a staircase to the Ecumenical Temple.
  5903 | D:7      | Found a hazy altar of Hepliaklqana.
  6044 | D:7      | Reached **** piety under Trog
  6283 | D:8      | Reached skill level 9 in Fighting
  6402 | D:8      | Noticed a manticore
  6416 | D:8      | Killed a manticore
  6417 | D:8      | Reached XP level 10. HP: 35/49 MP: 11/11
  6678 | D:8      | Found a staircase to the Lair.
  7002 | D:9      | Noticed Grum
  7012 | D:9      | Killed Grum
  7015 | D:9      | Reached skill level 10 in Fighting
  7015 | D:9      | Reached skill level 10 in Unarmed Combat
  7796 | D:9      | Found a shimmering blue altar of Sif Muna.
  7891 | D:10     | Entered Level 10 of the Dungeon
  8163 | D:10     | Found Calatyd's Book Boutique.
  8620 | D:10     | Reached skill level 11 in Fighting
  8963 | D:10     | Found Diseut Uzoo's Distillery.
  8970 | D:10     | Bought a potion of mutation for 120 gold pieces
  8970 | D:10     | Bought 2 potions of cancellation for 240 gold pieces
  9353 | D:11     | Noticed a boulder beetle
  9510 | D:11     | Reached XP level 11. HP: 51/55 MP: 12/12
  9824 | Lair:1   | Entered Level 1 of the Lair of Beasts
  9984 | Lair:1   | Reached skill level 12 in Fighting
 11129 | Lair:1   | Identified a scroll of acquirement
 11141 | Lair:1   | Acquired the amulet "Wabaxzu" {Faith Stlth+}
 11347 | Lair:1   | Reached skill level 13 in Fighting
 11522 | Lair:2   | Found a basalt altar of Yredelemnul.
 11787 | Lair:2   | Reached skill level 1 in Evocations
 11796 | Lair:2   | Gained mutation: Your thick and shaggy fur keeps you warm.
                  | (AC +3, rC+) [Felid growth]
 11796 | Lair:2   | Reached XP level 12. HP: 49/63 MP: 13/13
 12318 | Lair:2   | Noticed a seven-headed hydra
 12464 | Lair:3   | Identified the amulet "Muoromaa" {Reflect Harm *Corrode rC+
                  | SH+5}
 12584 | Lair:3   | Noticed a death yak
 12750 | Lair:3   | Noticed a death yak
 12767 | Lair:3   | Killed a death yak
 12773 | Lair:3   | Killed a death yak
 12774 | Lair:3   | Reached skill level 5 in Evocations
 13021 | Lair:3   | Reached skill level 10 in Dodging
 13044 | Lair:3   | Reached ***** piety under Trog
 13235 | Lair:3   | Found a shimmering altar of Xom.
 13307 | Lair:3   | Found a staircase to the Snake Pit.
 13573 | Lair:4   | Found a viscous altar of Jiyva.
 13597 | Lair:4   | Found a staircase to the Slime Pits.
 13802 | Lair:4   | Noticed a death yak
 13802 | Lair:4   | Noticed a death yak
 13802 | Lair:4   | Noticed a death yak
 13802 | Lair:4   | Noticed a death yak
 13802 | Lair:4   | Noticed a death yak
 14050 | Lair:4   | Reached XP level 13. HP: 49/67 MP: 14/14
 14544 | Lair:4   | Reached skill level 14 in Fighting
 14849 | Lair:5   | Entered Level 5 of the Lair of Beasts
 14897 | Lair:5   | Found a runed translucent door.
 14900 | Lair:5   | Noticed TittyCrusher's ghost (journeyman TrAE)
 16052 | D:12     | Noticed Lodul
 16161 | D:12     | Found a staircase to the Orcish Mines.
 16264 | D:12     | Noticed Josephine
 16277 | D:12     | Killed Josephine
 16385 | D:12     | Killed Lodul
 16484 | D:12     | Killed from afar by a steam dragon
 16485 | D:12     | Reached XP level 12. HP: -2/96 MP: 13/13
 16589 | D:12     | Found Maguot's Magic Scroll Shoppe.
 16871 | D:12     | Bought 2 scrolls of fear for 104 gold pieces
 16871 | D:12     | Bought a scroll of identify for 26 gold pieces
 16871 | D:12     | Bought a scroll of identify for 26 gold pieces
 16871 | D:12     | Bought a scroll of magic mapping for 97 gold pieces
 16871 | D:12     | Bought a scroll of blinking for 97 gold pieces
 17238 | Orc:1    | Entered Level 1 of the Orcish Mines
 17272 | D:12     | Noticed a two-headed ogre
 17342 | Orc:1    | Reached skill level 10 in Evocations
 17913 | Orc:2    | Entered Level 2 of the Orcish Mines
 17913 | Orc:2    | Found Jahosafy's Antique Weapon Boutique.
 17967 | Orc:2    | Noticed Urug
 17967 | Orc:2    | Found a staircase to the Elven Halls.
 18139 | Orc:2    | Noticed a two-headed ogre
 18151 | Orc:2    | Killed a two-headed ogre
 18323 | Orc:2    | Identified the +4 scimitar of the Mind {heavy, *Corrode
                  | rElec MP+9 Str-3}
 18375 | Orc:2    | Reached XP level 13. HP: 64/68 MP: 14/14
 18399 | Orc:2    | Reached ****** piety under Trog
 18575 | Orc:2    | Killed Urug
 20953 | Orc:2    | Found Ali Zost's Assorted Antiques.
 20954 | Orc:2    | Found Ygyc's Distillery.
 20954 | Orc:2    | Found Ihoy's Armour Emporium.
 21170 | Orc:2    | Found Gemoudygh's Distillery.
 21181 | Orc:2    | Bought a potion of lignification for 48 gold pieces
 21182 | Orc:2    | Bought a potion of heal wounds for 65 gold pieces
 21182 | Orc:2    | Bought a potion of curing for 39 gold pieces
 21182 | Orc:2    | Bought a potion of heal wounds for 65 gold pieces
 21182 | Orc:2    | Bought a potion of curing for 39 gold pieces
 21182 | Orc:2    | Bought a potion of cancellation for 104 gold pieces
 21182 | Orc:2    | Bought a potion of mutation for 104 gold pieces
 21183 | Orc:2    | Bought a potion of mutation for 128 gold pieces
 21183 | Orc:2    | Bought a potion of mutation for 128 gold pieces
 21183 | Orc:2    | Bought a potion of enlightenment for 80 gold pieces
 21183 | Orc:2    | Bought a potion of berserk rage for 80 gold pieces
 21183 | Orc:2    | Bought a potion of mutation for 128 gold pieces
 21347 | D:10     | Bought 2 potions of might for 120 gold pieces
 21347 | D:10     | Bought a potion of haste for 150 gold pieces
 21503 | Lair:2   | Found a staircase to the Shoals.
 21971 | Lair:4   | Reached skill level 15 in Fighting
 22398 | Lair:4   | Upgraded the game from 0.31-a0-75-g6fe912e8c5 to
                  | 0.31-a0-83-gbff143cfd1
 22455 | Lair:4   | Reached skill level 15 in Unarmed Combat
 22771 | Lair:4   | Reached XP level 14. HP: 73/73 MP: 15/15
 23009 | Lair:5   | Engulfed by a fire crab's flame
 23010 | Lair:5   | Reached XP level 13. HP: -3/69 MP: 14/14
 24066 | Lair:5   | Noticed a dire elephant
 24732 | D:13     | Found Voymair's Jewellery Shop.
 24842 | D:13     | Reached skill level 16 in Fighting
 24962 | D:13     | Reached skill level 15 in Dodging
 24962 | D:13     | Reached XP level 14. HP: 75/75 MP: 15/15
 24995 | D:13     | Found a radiant altar of Vehumet.
 25128 | D:13     | Noticed Jorgrun
 25148 | D:13     | Killed Jorgrun
 25508 | D:14     | Found a gate to the Vaults.
 25907 | D:14     | Identified the +0 robe "Kudghuas" {rElec rF+ Dex-2 Slay+6}
 26106 | D:14     | Noticed Frances
 26110 | D:14     | Killed Frances
 26742 | D:13     | Bought a ring of flight for 280 gold pieces
 26952 | Shoals:1 | Entered Level 1 of the Shoals
 28685 | Shoals:1 | Noticed Roxanne
 28813 | Shoals:1 | Killed Roxanne
 29436 | Shoals:2 | You are sucked into a shaft and drop 1 floor!
 29488 | Shoals:3 | Reached XP level 15. HP: 57/79 MP: 16/16
 29918 | Shoals:2 | Reached skill level 17 in Fighting
 30683 | Snake:1  | Entered Level 1 of the Snake Pit
 31009 | Snake:1  | Gained mutation: Your body sometimes deteriorates upon
                  | taking damage. [potion of mutation]
 31009 | Snake:1  | Gained mutation: Your magical capacity is low. (-10% MP)
                  | [potion of mutation]
 31010 | Snake:1  | Lost mutation: Your magical capacity is low. (-10% MP)
                  | [potion of mutation]
 31010 | Snake:1  | Lost mutation: Your body sometimes deteriorates upon taking
                  | damage. [potion of mutation]
 31010 | Snake:1  | Gained mutation: You are partially covered in iridescent
                  | scales. (AC +2) [potion of mutation]
 31010 | Snake:1  | Gained mutation: Your mind is acute. (Int +4, Str/Dex -1)
                  | [potion of mutation]
 32180 | Snake:2  | Found Mappyof's Jewellery Emporium.
 32784 | D:13     | Bought a ring of poison resistance for 320 gold pieces
 33064 | Snake:1  | Mangled by a naga
 33065 | Snake:1  | Reached XP level 14. HP: -6/76 MP: 15/15
 33667 | Snake:2  | Found Inunem's Assorted Antiques.
 33672 | Snake:2  | Found Duoshruecw's Book Emporium.
 33672 | Snake:2  | Noticed a walking crystal tome
 33672 | Snake:2  | Noticed a walking divine tome
 34937 | Snake:2  | Found Pimoni's Assorted Antiques.
 35268 | Snake:2  | Found Itum's Magic Scroll Shoppe.
 35344 | Snake:3  | Noticed a nagaraja
 35696 | Snake:3  | Lost mutation: You are partially covered in iridescent
                  | scales. (AC +2) [potion of mutation]
 35696 | Snake:3  | Lost mutation: Your mind is acute. (Int +4, Str/Dex -1)
                  | [potion of mutation]
 35696 | Snake:3  | Gained mutation: You are vulnerable to heat. (rF-) [potion
                  | of mutation]
 35696 | Snake:3  | Gained mutation: You are vulnerable to cold. (rC-) [potion
                  | of mutation]
 35696 | Snake:3  | Gained mutation: You are partially covered in iridescent
                  | scales. (AC +2) [potion of mutation]
 35696 | Snake:3  | Gained mutation: You have a pair of small horns on your
                  | head. [potion of mutation]
 35697 | Snake:3  | Lost mutation: You have a pair of small horns on your head.
                  | [potion of mutation]
 35697 | Snake:3  | Lost mutation: You are vulnerable to heat. (rF-) [potion of
                  | mutation]
 35697 | Snake:3  | Lost mutation: You are vulnerable to cold. (rC-) [potion of
                  | mutation]
 35697 | Snake:3  | Gained mutation: Your mind is acute. (Int +4, Str/Dex -1)
                  | [potion of mutation]
 35697 | Snake:3  | Gained mutation: Your flesh is heat resistant. (rF+)
                  | [potion of mutation]
 35697 | Snake:3  | Gained mutation: You possess an exceptional clarity of
                  | mind. [potion of mutation]
 35833 | Snake:3  | Reached skill level 18 in Fighting
 35833 | Snake:3  | Reached XP level 15. HP: 81/81 MP: 16/16
 36201 | Snake:4  | Entered Level 4 of the Snake Pit
 36280 | Snake:4  | Noticed a nagaraja
 36313 | Snake:4  | Killed a nagaraja
 36408 | Snake:4  | Noticed a nagaraja
 36422 | Snake:4  | Killed a nagaraja
 36792 | Snake:4  | Found Lakkaohaff's Jewellery Emporium.
 37690 | Snake:4  | Noticed a nagaraja
 37692 | Snake:4  | Killed a nagaraja
 37830 | Snake:4  | Noticed a nagaraja
 38357 | Snake:4  | Killed a nagaraja
 38831 | Snake:4  | Noticed a nagaraja
 38840 | Snake:4  | Killed a nagaraja
 38841 | Snake:4  | Reached skill level 19 in Fighting
 38860 | Snake:4  | Noticed a nagaraja
 38871 | Snake:4  | Killed a nagaraja
 38959 | Snake:4  | Noticed a nagaraja
 38967 | Snake:4  | Killed a nagaraja
 38973 | Snake:4  | Noticed a nagaraja
 38985 | Snake:4  | Noticed a nagaraja
 38988 | Snake:4  | Killed a nagaraja
 38990 | Snake:4  | Killed a nagaraja
 39007 | Snake:4  | Noticed a nagaraja
 39189 | Snake:4  | Killed a nagaraja
 39383 | Snake:4  | Got a serpentine rune of Zot
 39887 | D:15     | Entered Level 15 of the Dungeon
 39959 | D:15     | Noticed Rupert
 40006 | D:15     | Found a gate leading to a gauntlet.
 40016 | Gauntlet | Entered a Gauntlet
 40016 | Gauntlet | Found a transporter.
 40016 | Gauntlet | Found a transporter.
 40016 | Gauntlet | Found a transporter.
 40032 | Gauntlet | Found a transporter.
 40036 | Gauntlet | Found a transporter.
 40046 | Gauntlet | Found a transporter.
 40050 | Gauntlet | Found a transporter.
 40062 | Gauntlet | Found a transporter.
 40104 | Gauntlet | Found a transporter.
 40153 | Gauntlet | Found a transporter.
 40155 | Gauntlet | Found a transporter.
 40165 | Gauntlet | Found a transporter.
 40239 | Gauntlet | Reached XP level 16. HP: 88/88 MP: 17/17
 41172 | D:15     | Found a staircase to the Depths.
 41651 | D:15     | Noticed Kirke
 41676 | D:15     | Killed Kirke
 41804 | D:15     | Reached skill level 20 in Fighting
 41837 | D:15     | Killed Rupert
 41946 | D:15     | Found Jafen's General Store.
 41949 | D:15     | Found Douff's Specific Store.
 42769 | Shoals:3 | Noticed a kraken
 43214 | Shoals:4 | Entered Level 4 of the Shoals
 43881 | Shoals:4 | Noticed Polyphemus
 43901 | Shoals:4 | Killed Polyphemus
 44828 | Shoals:4 | Found Cauco's Vocational Training.
 45079 | Shoals:4 | Reached skill level 21 in Fighting
 45079 | Shoals:4 | Reached XP level 17. HP: 42/94 MP: 18/18
 45105 | Shoals:4 | Got a barnacled rune of Zot
 45830 | Vaults:1 | Entered Level 1 of the Vaults
 46499 | Slime:1  | Entered Level 1 of the Pits of Slime
 47016 | Slime:2  | Noticed an acid blob
 47056 | Slime:2  | Noticed an acid blob
 47302 | Slime:2  | Paralysed by a formless jellyfish for 1 turns
 47390 | Slime:3  | Noticed Dissolution
 47397 | Slime:3  | Killed Dissolution
 47512 | Slime:5  | Entered Level 5 of the Pits of Slime
 47618 | Slime:5  | Noticed an acid blob
 47626 | Slime:5  | Killed an acid blob
 49110 | Vaults:1 | Noticed Saint Roka
 49135 | Vaults:1 | Killed Saint Roka
 49638 | Vaults:1 | Reached skill level 22 in Fighting
 49875 | Vaults:1 | Noticed Aizul
 49896 | Vaults:1 | Killed Aizul
 50801 | Vaults:2 | Found Hoext's Jewellery Emporium.
 50867 | Vaults:2 | Found Kiucrul's Magic Scroll Shoppe.
 50876 | Vaults:2 | Bought a scroll of blinking for 105 gold pieces
 50980 | Vaults:2 | Reached XP level 18. HP: 100/100 MP: 19/19
 51081 | Vaults:2 | Found a magical portal.
 51090 | WizLab   | Entered The Roulette of Golubria
 51090 | WizLab   | Found a transporter.
 51182 | Vaults:2 | Found Athroo's Magic Scroll Shop.
 51200 | Vaults:2 | Bought a scroll of butterflies for 72 gold pieces
 51200 | Vaults:2 | Bought a scroll of butterflies for 72 gold pieces
 51285 | Vaults:2 | Identified the +4 halberd of Termination {elec, rC+}
 51341 | Vaults:2 | Found Jep Kaont's Antique Armour Emporium.
 51639 | Vaults:2 | Found a staircase to the Crypt.
 52445 | Vaults:2 | Found Tunnoer's Book Shop.
 53101 | Vaults:3 | Found Pocouv's Distillery.
 53109 | Vaults:3 | Bought a potion of heal wounds for 65 gold pieces
 53109 | Vaults:3 | Bought a potion of ambrosia for 104 gold pieces
 53109 | Vaults:3 | Bought a potion of curing for 39 gold pieces
 53266 | Vaults:3 | Identified the +1 buckler of the Reasonable God {rC+ Will+
                  | Int+3 SInv}
 53562 | Vaults:3 | Identified the staff of death "Pawiz" {rN+ SInv}
 53707 | Vaults:3 | HP: 1/153 [dire elephant (29)]
 53707 | Vaults:3 | Mangled by a dire elephant
 53708 | Vaults:3 | Reached XP level 17. HP: -9/145 MP: 18/18
 54288 | Vaults:2 | Reached skill level 23 in Fighting
 54387 | Crypt:1  | Entered Level 1 of the Crypt
 55167 | Crypt:1  | Reached skill level 15 in Evocations
 55396 | Crypt:1  | Mangled by a vampire knight
 55397 | Crypt:1  | Reached XP level 16. HP: -11/199 MP: 17/17
 55397 | Crypt:1  | Upgraded the game from 0.31-a0-83-gbff143cfd1 to
                  | 0.31-a0-95-g6fa058ef04
 55532 | Crypt:1  | Reached XP level 17. HP: 72/98 MP: 18/18
 56352 | Crypt:2  | Killed from afar by an ancient champion

Illustrated notes

Levels and vault maps discovered:
D:1:      mrwooster_arrival_statue_3, layout_basic, serial_shops,
          nicolae_shop_waterfront, minmay_pentomino_u2
D:2:      layout_basic
D:3:      layout_loops_ring, fedhas_altar_2, mainiacjoe_overflow_catch_the_wave,
          grunt_gozag_statues
D:4:      layout_loops_ring, chequers_serial_rivers_small_a
D:5:      layout_loops_ring, xom_confusion_cloud
D:6:      layout_rooms, gammafunk_ghost_gnarly_gnolls
D:7:      layout_gridville, mainiacjoe_overflow_cross_hatched,
          minmay_temple_entry_antechambers, chequers_decorated_corner
D:8:      layout_rooms, david_lair_shrubbed, grunt_ministairs_2
D:9:      layout_gridville, mainiacjoe_overflow_alcove_1, uniq_grum
D:10:     layout_cave_pools, serial_gnoll_camp, gnoll_camp_huts_basic,
          gnoll_camp_mini_doghouse, gnoll_camp_mini_shop, gnoll_camp_medium_01,
          gnoll_camp_mini_hut, gnoll_camp_mini_sergeant, serial_shops,
          nicolae_shop_waterfront, patterned_corridor
D:11:     layout_loops_ring
D:12:     layout_big_octagon, orc_0_dummy, serial_shops, shop,
          hangedman_misty_isle, uniq_josephine, uniq_lodul
D:13:     layout_roguey, serial_shops, shop, vehumet_crystals, uniq_jorgrun
D:14:     layout_basic, david_vaults_3, roderic_serpentine_path, uniq_frances
D:15:     grunt_enter_depths_giant_problem, layout_loops_ring,
          gauntlet_entry_generic, nicolae_titane, nicolae_specific_store,
          uniq_kirke, uniq_rupert
Lair:1:   layout_long_grid, hibernation_bobbens
Lair:2:   layout_loops_ring, minmay_shoals_entry_lonely_mermaid, basic_altar,
          serial_bayou_shore_a, grunt_megastairs_4
Lair:3:   layout_roguey, nicolae_snake_entry_warm_welcome, basic_altar,
          kilobyte_rumbling_trees
Lair:4:   layout_roguey, nicolae_slime_entry_field_trip, lemuel_fruit_tree,
          infiniplex_staircase_pool, grunt_megastairs_1
Lair:5:   minmay_lair_end_frog_pond, layout_regular_city,
          ebering_ghost_inner_flame, st_stairs_11,
          nicolae_quartered_pool_little, nicolae_lair_lakeside_cave
Shoals:1: layout_shoals, nicolae_shoals_so_close, uniq_roxanne
Shoals:2: layout_shoals
Shoals:3: layout_shoals
Shoals:4: shoals_end_simple, layout_shoals, nicolae_shop_vocational,
          uniq_polyphemus
Snake:1:  cheibrodos_snake_ritualist_ritual, layout_chambers, grunt_megastairs_3
Snake:2:  layout_chambers, serial_shops, nicolae_shop_waterfront,
          nicolae_shop_gaudy_bauble, shop, nicolae_shop_peninsula,
          nicolae_shop_mannequins
Snake:3:  layout_onion_interference, minmay_shop_grove
Snake:4:  grunt_snake_rune_pools, layout_onion, serial_shops,
          nicolae_shop_real_fake_doors, nrook_guardian_serpent_double
Slime:1:  layout_caves, cheibrodos_slime_lost_civilization_6
Slime:2:  layout_caves
Slime:3:  layout_caves, uniq_dissolution
Slime:4:  cheibrodos_slime_lost_civilization_10, layout_caves
Slime:5
Orc:1:    layout_caves, mines2_david
Orc:2:    st_orc_pillars, layout_caves, serial_shops, shop_fountains,
          minmay_orc_keep, uniq_urug
Vaults:1: portal_desolation_entry_nicolae_slug, nicolae_vaults_house_2,
          nicolae_vaults_closet_pinwheel_2, nicolae_vaults_frosty_reception,
          vaults_room_stairs_pillars, nicolae_vaults_more_shelving_1,
          layout_vaults_quadrants, uniq_saint_roka, uniq_aizul
Vaults:2: mu_enter_wizlab_4, minmay_crypt_entry_simple_corners,
          nicolae_vaults_closet_pinwheel_3, nicolae_vaults_tangram_2,
          nicolae_vaults_lightning_bolt, nicolae_vaults_tangram_2,
          dpeg_vaults_hating_casters, ontoclasm_vaults_spin, vaults_dpeg_hooks,
          nicolae_vaults_closet_pinwheel_5, nicolae_vaults_network_square,
          nicolae_vaults_sealed_display, ontoclasm_vaults_decontamination,
          layout_vaults_ring, serial_shops, shop, nicolae_lakefront_shop,
          shop_statue, nicolae_shop_tiny_glass, shop
Vaults:3: nicolae_vaults_offset_grid_hallway_4,
          nicolae_vaults_closet_pinwheel_2, nicolae_vaults_mitosis, v_misc_18,
          nicolae_vaults_storage_room_statues, v_misc_8, v_misc_22,
          nicolae_vaults_tetromino_L_1, nicolae_vaults_three_branches,
          nicolae_vaults_surprise_closet_hard, layout_vaults_chaotic_city,
          serial_shops, nicolae_shop_temple_entry_statues_fountains
Crypt:1:  layout_basic, grunt_crypt_arrival_webbed
Crypt:2:  layout_misc_corridors

Skill      XL: |  1  2  3  4  5  6  7  8  9 10 11 12 13 14 15 16 17 18 |
---------------+-------------------------------------------------------+-----
Fighting       | 4 5 6 7 9 11 13 16 18 19 21 23 | 23.5
Unarmed Combat | 4 5 6 7 9 11 13 15 16 18 | 18.0
Stealth        | 1 2 3 4 6 7 9 |  9.1
Dodging        | 5 6 7 8 12 15 17 18 20 22 | 22.3
Evocations     | 1 10 12 15 14 | 15.0

Action                     |  1- 3 |  4- 6 |  7- 9 | 10-12 | 13-15 | 16-18 || total
---------------------------+-------+-------+-------+-------+-------+-------++-------
  Melee: Unarmed           |   108 |   179 |   316 |   919 |  1784 |  1360 ||  4666
         Bite              |    11 |    20 |    28 |   106 |   237 |   216 ||   618
         Punch             |       |     7 |    12 |    78 |   183 |   218 ||   498
 Invoke: Berserk           |     1 |     4 |    10 |    21 |    44 |    36 ||   116
         Trog's Hand       |       |     2 |     5 |     7 |    27 |     8 ||    49
         Brothers in Arms  |       |       |     1 |     1 |    24 |     7 ||    33
  Evoke: Wand              |       |       |     5 |     9 |    42 |    14 ||    70
         Phial of floods   |       |       |       |       |     3 |     1 ||     4
         Tin of tremorston |       |       |       |       |     1 |     3 ||     4
         Lightning rod     |       |       |       |       |       |     9 ||     9
         Box of beasts     |       |       |       |       |       |     4 ||     4
    Use: Scroll            |       |     6 |     3 |     9 |    18 |     3 ||    39
         Potion            |       |       |       |       |    30 |    12 ||    42
   Stab: Sleeping          |     2 |     4 |    13 |    18 |    38 |    62 ||   137
         Distracted        |       |     2 |     1 |     3 |     9 |    11 ||    26
         Betrayed ally     |       |       |       |       |       |     1 ||     1
 Armour: Skin              |     4 |    12 |    18 |    46 |   104 |   130 ||   314
  Dodge: Dodged            |    63 |   134 |   188 |   663 |  1688 |   997 ||  3733
  Block: Other             |    14 |    46 |    45 |    74 |       |   110 ||   289
         Reflection        |       |     1 |     1 |     6 |       |     5 ||    13

Table legend: (Time is in decaauts)
 A = Elapsed time spent in this place.
 B = Non-inter-level travel time spent in this place.
 C = Inter-level travel time spent in this place.
 D = Time resting spent in this place.
 E = Time spent auto-exploring this place.
 F = Levels seen in this place.
 G = Mean time per level.
                   A        B        C        D        E       F      G
               +--------+--------+--------+--------+--------+-----+--------+
         Total |  50160 |  44746 |   5414 |  17725 |  15105 |  42 | 1194.3 |
       Dungeon |  15315 |  13105 |   2210 |   3954 |   5899 |  15 | 1021.0 |
          Lair |   8969 |   7548 |   1421 |   3192 |   2053 |   5 | 1793.8 |
        Shoals |   5887 |   5419 |    468 |   2552 |   1545 |   4 | 1471.8 |
     Snake Pit |   7598 |   6890 |    708 |   3572 |   1659 |   4 | 1899.5 |
    Slime Pits |    983 |    903 |     80 |    393 |    162 |   5 |  196.6 |
  Orcish Mines |   3647 |   3411 |    236 |   1786 |    569 |   2 | 1823.5 |
        Vaults |   5367 |   5127 |    240 |   1469 |   2349 |   3 | 1789.0 |
         Crypt |   1714 |   1666 |     48 |    430 |    753 |   2 |  857.0 |
        Wizlab |      3 |      3 |      0 |      0 |      0 |   1 |    3.0 |
      Gauntlet |    673 |    673 |      0 |    374 |    112 |   1 |  673.0 |
               +--------+--------+--------+--------+--------+-----+--------+

Top non-repeatable levels by time:
 Snake:4: 2970 daAuts
  Lair:4: 2557 daAuts
Vaults:1: 2357 daAuts
   Orc:2: 2278 daAuts
 Snake:1: 2027 daAuts
Shoals:4: 1857 daAuts
  Lair:2: 1829 daAuts
 Snake:2: 1687 daAuts
Vaults:2: 1676 daAuts
Shoals:1: 1589 daAuts
  Lair:5: 1587 daAuts
  Lair:1: 1552 daAuts
    D:12: 1494 daAuts
  Lair:3: 1442 daAuts
    D:10: 1386 daAuts
